 Dungeon Crawl Stone Soup version 0.29-a0-330-g52719c12eb (webtiles) character file.

Game seed: 9371529986733090324

27979 tilp the Destroyer (level 13, 64/64 HPs)
             Began as a Felid Ice Elementalist on Apr 22, 2022.
             Was a High Priest of Vehumet.
             Quit the game on level 2 of the Orcish Mines.
             The game lasted 01:01:14 (33745 turns).

tilp the Destroyer (Felid Ice Elementalist)        Turns: 33745, Time: 01:01:14

Health: 64/64      AC:  3    Str:  4    XL:     13   Next: 7%
Magic:  24/24      EV: 22    Int: 23    God:    Vehumet [*****.]
Gold:   2137       SH:  0    Dex: 18    Spells: 8/26 levels left
                                        Lives:  0   Deaths: 2

rFire   . . .      SeeInvis +     - Unarmed
rCold   + . .      Faith    .   (shield unavailable)
rNeg    . . .      Spirit   .   (body armour unavailable)
rPois   .          Reflect  .   (helmet unavailable)
rElec   .          Harm     .   (cloak unavailable)
rCorr   .          Rampage  .   (gloves unavailable)
Will    +....                   (boots unavailable)
Stlth   +++++.....              j - amulet of regeneration
HPRegen 1.00/turn               F - ring of ice
MPRegen 0.19/turn               H - ring of fire

@: quick
A: very small, claws 1, fangs 3, see invisible, speed 1, shaggy fur 3, stealthy
paws, no weapons or thrown items, no armour, multi-lived
a: Renounce Religion


You were on level 2 of the Orcish Mines.
You worshipped Vehumet.
Vehumet was extremely pleased with you.
You visited 3 branches of the dungeon, and saw 19 of its levels.
You also visited: Bailey, Ice Cave and Volcano.

You collected 2137 gold pieces.

Inventory:

Jewellery
 j - an amulet of regeneration (around neck)
 n - a ring of wizardry
 t - a ring of ice
 D - a ring of magical power
 F - a ring of ice (left paw)
 H - a ring of fire (right paw)
Wands
 i - a wand of acid (8)
 o - a wand of digging (15)
 q - a wand of polymorph (16)
 s - a wand of charming (9)
 v - a wand of iceblast (16)
 B - a wand of paralysis (9)
 C - a wand of flame (27)
 I - a wand of mindburst (2)
Scrolls
 d - 6 scrolls of vulnerability
 f - 3 scrolls of fear
 h - 9 scrolls of teleportation
 p - 3 scrolls of immolation
 w - 3 scrolls of magic mapping
 y - 3 scrolls of identify
 z - 3 scrolls of blinking
 J - a scroll of summoning
Potions
 a - 4 potions of magic
 b - a potion of berserk rage
 c - a potion of flight
 e - 10 potions of curing
 g - 4 potions of heal wounds
 k - 3 potions of attraction
 l - 4 potions of might
 m - 5 potions of brilliance
 r - 2 potions of ambrosia
 u - a potion of cancellation
 x - 2 potions of resistance
 A - a potion of lignification
 E - a potion of haste
 G - 2 potions of invisibility


   Skills:
 + Level 11.7 Fighting
 - Level 8.0 Dodging
 - Level 10.0 Stealth
 - Level 8.0 Unarmed Combat
 - Level 7.0 Spellcasting
 - Level 12.0 Conjurations
 - Level 6.0 Translocations
 - Level 10.0 Ice Magic
 - Level 6.0 Earth Magic
 - Level 10.0 Evocations


You had 8 spell levels left.
You knew the following spells:

 Your Spells              Type           Power      Damage    Failure   Level
a - Freeze                Ice            100%       1d11      1%          1
b - Frozen Ramparts       Ice            100%       1d12      1%          3
c - Ozocubu's Armour      Ice            69%        N/A       1%          3
d - Hailstorm             Conj/Ice       73%        3d15      1%          4
e - Stone Arrow           Conj/Erth      98%        3d13      1%          3
f - Iskenderun's Mystic   Conj/Tloc      49%        2d11      1%          4

Your spell library contained the following spells:

 Spells                   Type           Power      Damage    Failure   Level
 Fireball                 Conj/Fire      26%        3d12      5%          5
 Magic Dart               Conj           100%       1d8       1%          1
 Sandblast                Erth           70%        2d15      1%          1
 Shock                    Conj/Air       100%       1d9       1%          1
 Searing Ray              Conj           100%       2d8       1%          2
 Conjure Flame            Conj/Fire      52%        6-21      1%          3
 Dazzling Flash           Conj/Hex       70%        N/A       1%          3
 Gell's Gravitas          Tloc           35%        N/A       1%          3
 Lesser Beckoning         Tloc           35%        N/A       1%          3
 Mephitic Cloud           Conj/Pois/Air  26%        N/A       1%          3
 Teleport Other           Tloc           35%        N/A       1%          3
 Sticky Flame             Conj/Fire      52%        2d7       1%          4
 Passwall                 Tmut/Erth      17%        N/A       3%          2
 Lightning Bolt           Conj/Air       17%        1d32      5%          5
 Iron Shot                Conj/Erth      24%        9d5       8%          6
 Ice Form                 Ice/Tmut       46%        N/A       10%         4
 Call Imp                 Summ           8%         N/A       12%         2
 Airstrike                Air            4%         N/A       19%         4
 Call Canine Familiar     Summ           8%         N/A       22%         3
 Leda's Liquefaction      Hex/Erth       10%        N/A       22%         4
 Borgnjor's Vile Clutch   Necr/Erth      10%        N/A       52%         5
 Animate Dead             Necr           4%         N/A       58%         4
 Summon Lightning Spire   Summ/Air       8%         N/A       58%         4
 Dispersal                Tloc           17%        N/A       69%         6
 Simulacrum               Ice/Necr       23%        N/A       83%         6
 Death Channel            Necr           4%         N/A       100%        6
 Shatter                  Erth           17%        3d16*     100%        9
 Portal Projectile        Hex/Tloc       Unusable   N/A       N/A         3

Dungeon Overview and Level Annotations

Branches:
Dungeon (11/15)            Temple (0/1) D:7            Lair (6/6) D:11
 Shoals (0/4) Lair:2       Spider (0/4) Lair:4        Slime (0/5) Lair:5
    Orc (2/2) D:11            Elf (0/3) Orc:2        Bailey (visited)
  IceCv (visited)         Volcano (visited)

Altars:
Fedhas
Hepliaklqana
Kikubaaqudgha
Ru
Sif Muna
Trog
Vehumet
Yredelemnul
The Shining One

Shops:
Orc:2 (*:

Annotations:
D:9 Erolcha, Gastronok
Lair:6 1 exclusion


Innate Abilities, Weirdness & Mutations

You have sharp claws.
You have razor-sharp teeth.
You have supernaturally acute eyesight. (SInv)
You cover ground quickly. (Speed+)
Your thick and shaggy fur keeps you warm. (AC +3, rC+)
Your paws help you pounce on unaware monsters.
You are incapable of wielding weapons or throwing items.
You cannot wear armour.
You gain extra lives every three experience levels.


Message History

Unknown command.
You feel much better.
You feel sick.
The wall freezes the orc knight!
The orc knight hits you with a +3 great sword!
The wall freezes the orc warrior!
You kill the orc warrior!
Vehumet accepts your kill.
You feel your power returning.
Unknown command.
A red film seems to cover your vision as you go berserk!
You feel yourself moving faster!
You feel mighty!
The frozen ramparts melt away.
You feel sick.
The orc knight hits you with a +3 great sword.
* * * LOW HITPOINT WARNING * * *
Unknown command.
You claw the orc knight!
The orc knight is heavily wounded.
You feel sick. The orc knight completely misses you.
You scratch the orc knight.
You claw the orc knight, but do no damage.
The orc knight is heavily wounded.
You feel sick.
You claw the orc knight!
The orc knight is severely wounded.
The orc knight hits you with a +3 great sword!
* * * LOW HITPOINT WARNING * * *
You scratch the orc knight. You bite the orc knight!
The orc knight is almost dead.
You feel sick.
You scratch the orc knight but do no damage.
The orc knight is almost dead.
You feel sick.
The orc knight hits you with a +3 great sword!!
You die...
You are now level 13!
You rejoin the land of the living...
An orc warrior comes into view. It is wielding a +0 trident.
Unknown command.
Unknown command.
Unknown command.
Are you sure you want to abandon this character and quit the game? (Confirm with "yes".)

,,,*,,,,,,,,∩,,,,,*,,,* *,,
,,,,,,,,,.........#..## **,,
,,**,,,,,.............## *,,,
,**,**,,,......P.......#** *,,,
.*......P....P..........,** **,,
.##.....................,,****,,,
.......................#,**,***,,
.P......................,*,,,,**,
.P....P.........@.......,,,,,,,**
....o...................,,,,,,,,,
................$.......,,,,,,,,,
.P..∩............o......,,,,,,*,,
.P).....................,,,,,***,
......8.................,*,,,*,**
.))..P..............P...,**,,,,,*
..P.P........$..........****,*,**
.o.o.........#...P.,,,,,** *****


You could see an orc warrior (wandering).

Vanquished Creatures
  A reaper (IceCv)
  Nessos (Lair:6)
  4 hydras
  A two-headed ogre (Orc:1)
  Erica (Lair:1)
  5 orc high priests
  8 death yaks
  A hell knight (Volcano)
  A salamander mystic (Volcano)
  Pikel (D:9)
  2 lindwurms (Lair:4)
  4 orc sorcerers
  A cyclops (Orc:1)
  An oklob plant (Lair:6)
  9 orc knights
  5 salamanders (Volcano)
  10 elephants (Lair:3)
  An ice statue (IceCv)
  2 black mambas
  2 gargoyles
  A molten gargoyle (Volcano)
  13 cane toads
  9 komodo dragons
  A rime drake (Lair:6)
  A kobold demonologist (D:10)
  An entropy weaver simulacrum (IceCv)
  An anaconda simulacrum (IceCv)
  4 trolls
  3 polar bears
  Prince Ribbit (D:6)
  22 blink frogs
  A hornet (Lair:4)
  A snapping turtle (Lair:2)
  Sigmund (D:2)
  5 wyverns
  A vampire (Bailey)
  4 wraiths
  2 dire elephant simulacra (IceCv)
  A shadow (D:10)
  38 yaks
  3 basilisks
  3 steam dragons
  2 vampire mosquitoes (D:9)
  2 death yak simulacra (IceCv)
  A harpy simulacrum (IceCv)
  4 wargs
  An acid dragon (D:10)
  Duvessa (D:5)
  15 water moccasins
  3 ice beasts
  21 orc warriors
  4 black bears
  7 ogres
  2 sky beasts
  16 wolves
  3 centaurs
  A lemure (D:9)
  10 kobold brigands
  4 scorpions
  A necrophage (D:6)
  9 bullfrogs
  3 two-headed ogre simulacra (IceCv)
  A cane toad simulacrum (IceCv)
  9 wights
  Dowan (D:5)
  2 elephant simulacra (IceCv)
  10 killer bees
  3 howler monkeys (D:8)
  An electric eel (Lair:2)
  9 vampire bats
  4 wolf zombies (Bailey)
  6 lava snakes (Volcano)
  6 hounds
  A gnoll shaman (D:9)
  13 jellies (Lair:5)
  Crazy Yiuf (D:7)
  5 orc priests
  2 iguanas
  18 orc wizards
  3 polar bear simulacra (IceCv)
  5 hell rats (Lair:5)
  5 troll simulacra (IceCv)
  10 spriggan simulacra (IceCv)
  2 wolf simulacra (IceCv)
  10 gnolls
  3 naga simulacra (IceCv)
  8 adders
  2 shadow imps (D:10)
  16 white imps
  9 ufetubi
  A worm (D:2)
  2 dart slugs
  7 fire bats
  45 orcs
  2 spectral bats
  4 ball pythons
  3 bat skeletons (D:3)
  A bat zombie (D:3)
  13 endoplasms
  4 giant cockroaches
  5 goblins
  12 hobgoblins
  3 jackals (D:4)
  4 quokkas
  22 bats
  A bat simulacrum (D:3)
  4 frilled lizards
  40 kobolds
  6 kobold skeletons (D:10)
  12 kobold zombies (D:10)
  22 orc zombies (Bailey)
  3 rats (D:3)
  A butterfly (Lair:1)
670 creatures vanquished.

Vanquished Creatures (collateral kills)
  An orc knight (Orc:1)
1 creature vanquished.

Vanquished Creatures (others)
  A deep troll (Orc:1)
  A human (D:10)
  42 fungi
  49 plants
93 creatures vanquished.

Grand Total: 764 creatures vanquished

Notes
Turn   | Place    | Note
-------+----------+-------------------------------------------
     0 | D:1      | tilp the Felid Ice Elementalist began the quest for the
                  | Orb.
     0 | D:1      | Reached XP level 1. HP: 7/7 MP: 4/4
   511 | D:1      | Reached XP level 2. HP: 8/12 MP: 4/6
   906 | D:1      | Reached skill level 1 in Fighting
  1175 | D:1      | Reached XP level 3. HP: 15/15 MP: 4/7
  1179 | D:1      | Learned a level 3 spell: Frozen Ramparts
  2246 | D:2      | Noticed Sigmund
  2430 | D:2      | Found a faded altar of an unknown god.
  2662 | D:2      | Learned a level 3 spell: Ozocubu's Armour
  3279 | D:3      | Reached XP level 4. HP: 19/19 MP: 8/8
  3850 | D:3      | Reached skill level 1 in Evocations
  3850 | D:3      | Reached XP level 5. HP: 22/22 MP: 4/10
  3922 | D:3      | Reached skill level 5 in Ice Magic
  4851 | D:4      | Gained mutation: You are covered in thick fur. (AC +2)
                  | [Felid growth]
  4851 | D:4      | Reached XP level 6. HP: 26/26 MP: 6/11
  5387 | D:4      | Learned a level 4 spell: Hailstorm
  6049 | D:5      | Entered Level 5 of the Dungeon
  6049 | D:5      | Noticed Dowan
  6133 | D:5      | Reached skill level 1 in Unarmed Combat
  6133 | D:5      | Reached XP level 7. HP: 30/30 MP: 6/12
  6259 | D:5      | Noticed Duvessa
  6268 | D:5      | Killed Duvessa
  6272 | D:5      | Killed Dowan
  7122 | D:6      | Noticed Prince Ribbit
  7133 | D:6      | Killed Prince Ribbit
  7134 | D:6      | Reached XP level 8. HP: 36/36 MP: 4/13
  7206 | D:6      | Found a sacrificial altar of Ru.
  7257 | D:6      | Reached skill level 1 in Conjurations
  7396 | D:6      | Found a bloodstained altar of Trog.
  7398 | D:6      | Found a hazy altar of Hepliaklqana.
  7398 | D:6      | Found a radiant altar of Vehumet.
  7412 | D:6      | Became a worshipper of Vehumet
  7470 | D:6      | Found a shimmering blue altar of Sif Muna.
  7470 | D:6      | Found a basalt altar of Yredelemnul.
  7568 | D:6      | Found a blossoming altar of Fedhas.
  7739 | D:6      | Reached skill level 2 in Conjurations
  8007 | D:7      | Identified the +1 scale mail "Gaekikof" {rElec rC++ rCorr
                  | Dex-4}
  8141 | D:7      | Found a staircase to the Ecumenical Temple.
  8418 | D:7      | Reached skill level 3 in Conjurations
  8572 | D:7      | Found a runed translucent door.
  8573 | D:7      | Noticed Crazy Yiuf
  8726 | D:7      | Reached skill level 5 in Fighting
  8730 | D:7      | Learned a level 3 spell: Stone Arrow
  8828 | D:7      | Reached XP level 9. HP: 40/40 MP: 5/16
  9153 | D:7      | Found a glowing golden altar of the Shining One.
  9325 | D:7      | Killed Crazy Yiuf
  9535 | D:6      | Reached skill level 4 in Conjurations
  9643 | D:6      | Reached skill level 1 in Earth Magic
 10362 | D:2      | Killed Sigmund
 10619 | D:8      | Reached * piety under Vehumet
 10619 | D:8      | Offered knowledge of Shock by Vehumet.
 10622 | D:8      | Reached skill level 5 in Conjurations
 10742 | D:8      | Found a flagged portal.
 10772 | Bailey   | Entered a bailey
 11472 | Bailey   | Reached skill level 5 in Spellcasting
 11887 | Bailey   | Offered knowledge of Foxfire by Vehumet.
 11892 | Bailey   | Reached ** piety under Vehumet
 12399 | Bailey   | Got Vehumet's Grimoire of Confrontation
 12505 | Bailey   | Noticed a gargoyle
 12784 | Bailey   | Identified the +1 robe "Ezafuigu" {rPois Str+3}
 12812 | Bailey   | Killed a gargoyle
 12813 | Bailey   | Reached skill level 6 in Conjurations
 12813 | Bailey   | Reached XP level 10. HP: 24/45 MP: 2/18
 13875 | D:9      | Noticed Pikel
 13877 | D:9      | Offered knowledge of Ignite Poison by Vehumet.
 13884 | D:9      | Killed Pikel
 13885 | D:9      | Reached skill level 7 in Conjurations
 14386 | D:9      | Reached skill level 8 in Conjurations
 14597 | D:9      | Noticed Gastronok
 14696 | D:9      | Reached *** piety under Vehumet
 14863 | D:9      | Noticed Erolcha
 15030 | D:10     | Entered Level 10 of the Dungeon
 15339 | D:10     | Found an ancient bone altar of Kikubaaqudgha.
 15623 | D:10     | Reached skill level 5 in Dodging
 15799 | D:10     | Reached XP level 11. HP: 28/49 MP: 14/19
 15899 | D:10     | Offered knowledge of Conjure Flame by Vehumet.
 16351 | D:10     | Reached **** piety under Vehumet
 16439 | D:10     | Offered knowledge of Olgreb's Toxic Radiance by Vehumet.
 16775 | D:10     | Found an ancient bone altar of Kikubaaqudgha.
 17018 | D:11     | Reached skill level 5 in Evocations
 17428 | D:11     | Found a staircase to the Lair.
 17495 | D:11     | Reached skill level 5 in Unarmed Combat
 17948 | D:11     | Found a staircase to the Orcish Mines.
 18117 | D:11     | Reached skill level 9 in Conjurations
 18117 | D:11     | Gained mutation: Your thick and shaggy fur keeps you warm.
                  | (AC +3, rC+) [Felid growth]
 18117 | D:11     | Reached XP level 12. HP: 55/55 MP: 20/20
 18131 | Lair:1   | Entered Level 1 of the Lair of Beasts
 18850 | Lair:1   | Identified the +1 long sword "Hiume" {vorpal, SInv}
 19097 | Lair:1   | Noticed Erica
 19106 | Lair:1   | Killed Erica
 19471 | Lair:1   | Identified a scroll of acquirement
 19471 | Lair:1   | Acquired the Incunabulum of Earthen Fire
 19697 | Lair:2   | Found a staircase to the Shoals.
 20367 | Lair:2   | Reached XP level 13. HP: 27/59 MP: 16/22
 20865 | Lair:3   | Reached ***** piety under Vehumet
 20879 | Lair:3   | Found a frozen archway.
 20905 | Lair:3   | Offered knowledge of Eringya's Noxious Bog by Vehumet.
 21011 | IceCv    | Entered an ice cave
 22876 | IceCv    | Noticed a reaper
 22878 | IceCv    | Reached skill level 10 in Ice Magic
 22882 | IceCv    | Killed a reaper
 22882 | IceCv    | Offered knowledge of Iskenderun's Mystic Blast by Vehumet.
 22883 | IceCv    | Reached skill level 10 in Conjurations
 23099 | Lair:3   | Reached skill level 5 in Earth Magic
 23392 | Lair:3   | Learned a level 4 spell: Iskenderun's Mystic Blast
 23430 | Lair:3   | Reached skill level 1 in Translocations
 25188 | Lair:4   | Reached skill level 5 in Translocations
 26160 | Lair:4   | Reached skill level 10 in Fighting
 26396 | Lair:4   | Found a hole to the Spider Nest.
 26417 | Lair:4   | Reached XP level 14. HP: 61/66 MP: 10/25
 27964 | Lair:5   | Found a staircase to the Slime Pits.
 27967 | Lair:5   | Offered knowledge of Conjure Ball Lightning by Vehumet.
 28535 | Lair:6   | Entered Level 6 of the Lair of Beasts
 28703 | Lair:6   | Noticed Nessos
 28715 | Lair:6   | Killed Nessos
 28738 | Lair:6   | Found a dark tunnel.
 28757 | Volcano  | Entered a volcano
 29102 | Volcano  | Found a bloodstained altar of Trog.
 29107 | Volcano  | Reached skill level 11 in Conjurations
 29333 | Volcano  | Identified the +0 helmet of Undesirable Species {+Blink
                  | rElec Dex-3 SInv}
 29962 | Lair:6   | Found a basalt altar of Yredelemnul.
 30502 | Orc:1    | Entered Level 1 of the Orcish Mines
 31455 | Orc:1    | Offered knowledge of Fireball by Vehumet.
 31456 | Orc:1    | Reached skill level 10 in Stealth
 32506 | Orc:2    | Entered Level 2 of the Orcish Mines
 32548 | Orc:2    | Found Fevoaq's Antique Weapon Boutique.
 32658 | Orc:2    | Reached skill level 12 in Conjurations
 33022 | Orc:2    | Found Cuezaz's General Store.
 33057 | Orc:2    | Reached skill level 10 in Evocations
 33231 | Orc:2    | Reached XP level 15. HP: 71/71 MP: 10/26
 33313 | Orc:2    | Noticed an orc warlord
 33467 | Orc:2    | Shot with a bolt by an orc warlord
 33468 | Orc:2    | Reached XP level 14. HP: -22/67 MP: 25/25
 33716 | Orc:2    | Found Owkos's Book Emporium.
 33744 | Orc:2    | Slain by an orc knight
 33745 | Orc:2    | Reached XP level 13. HP: 0/96 MP: 6/24
 33745 | Orc:2    | Quit the game

Illustrated notes

Levels and vault maps discovered:
D:1:      minmay_arrival_nine_rooms, layout_rooms, corexii_hall_statues_x,
          dreamdust_princess_bridge, minmay_heptomino_o4
D:2:      layout_loops_corners, nicolae_ecumenical_lake_church,
          minmay_strange_pillars, columned_hall_lemuel, uniq_sigmund
D:3:      layout_loops_corners, goddamned_bats
D:4:      layout_layer_cave, roderic_roman_lattice, corexii_hall_statues_i
D:5:      layout_rooms, uniq_duvessa
D:6:      layout_loops_cross, minmay_overflow_temple_star_hex,
          mainiacjoe_overflow_tiny_flanked, mainiacjoe_overflow_six_doors_small,
          uniq_prince_ribbit1
D:7:      layout_layer_cave, lemuel_coloured_pillars_altar,
          minmay_temple_entry_ruins, uniq_crazy_yiuf_cottage
D:8:      layout_cave_pools, enter_bailey_4
D:9:      layout_basic, uniq_gastronok, uniq_pikel, uniq_erolcha
D:10:     wander_kiku_kobolds, layout_loops_corners, tgw_kikubaaqudgha,
          grunt_ministairs_14, minmay_holes
D:11:     layout_roguey, david_lair_generic, orc_0_dummy, minivault_16
Lair:1:   layout_gridlike, lemuel_fruit_fields, uniq_erica
Lair:2:   layout_long_grid, minmay_shoals_entry_hut, infiniplex_staircase_pool_2
Lair:3:   layout_loops_ring, portal_ice_cave_entry_imps,
          minmay_stone_trees_medium
Lair:4:   layout_gridlike, spider_nest_entry_web_field, serial_bayou_pond_c,
          grunt_megastairs_1, lemuel_fruit_fields
Lair:5:   layout_regular_city, minmay_slime_entry_jelly_boxes,
          beast_lair_carwin_4
Lair:6:   cheibrodos_lair_end_hotspot, layout_concentric_octagons,
          nicolae_volcano_entry_two_sided, lemuel_oklob_altar, uniq_nessos
Orc:1:    layout_caves, guppyfry_orc_lava_fort
Orc:2:    grunt_orc_gardens, layout_caves, grunt_orc_garden, grunt_orc_garden,
          grunt_orc_garden, grunt_orc_garden

Skill      XL: |  1  2  3  4  5  6  7  8  9 10 11 12 13 14 |
---------------+-------------------------------------------+-----
Ice Magic      | 4 5 6 7 8 9 10 | 10.0
Fighting       | 1 2 4 5 6 7 8 10 11 | 11.7
Evocations     | 1 2 4 5 6 8 10 | 10.0
Spellcasting   | 3 4 5 7 |  7.0
Dodging        | 3 4 5 6 8 |  8.0
Stealth        | 3 6 8 10 | 10.0
Unarmed Combat | 1 2 3 7 8 |  8.0
Conjurations   | 3 6 8 9 10 12 | 12.0
Earth Magic    | 3 4 6 |  6.0
Translocations | 6 |  6.0

Action                   |  1- 3 |  4- 6 |  7- 9 | 10-12 | 13-15 || total
-------------------------+-------+-------+-------+-------+-------++-------
Melee: Unarmed           |    24 |    57 |    88 |   112 |   150 ||   431
       Bite              |     3 |     4 |    20 |    10 |    16 ||    53
       Punch             |     2 |     1 |     8 |     1 |    14 ||    26
 Cast: Freeze            |    56 |    41 |    50 |     7 |     5 ||   159
       Frozen Ramparts   |     3 |    18 |    28 |    47 |    80 ||   176
       Ozocubu's Armour  |       |     6 |    35 |    44 |    71 ||   156
       Stone Arrow       |       |       |    84 |   135 |   364 ||   583
       Hailstorm         |       |       |     1 |    25 |    83 ||   109
       Iskenderun's Myst |       |       |       |       |    10 ||    10
Evoke: Wand              |       |       |     7 |     1 |     9 ||    17
  Use: Scroll            |     9 |     2 |     3 |    11 |     8 ||    33
       Potion            |       |       |       |     2 |     3 ||     5
 Stab: Sleeping          |     6 |    10 |     9 |     9 |     5 ||    39
       Paralysed         |       |       |       |       |     1 ||     1
Armor: Skin              |     5 |    31 |    43 |    24 |    39 ||   142
Dodge: Dodged            |    49 |   128 |   177 |   133 |   214 ||   701

Table legend: (Time is in decaauts)
 A = Elapsed time spent in this place.
 B = Non-inter-level travel time spent in this place.
 C = Inter-level travel time spent in this place.
 D = Time resting spent in this place.
 E = Time spent auto-exploring this place.
 F = Levels seen in this place.
 G = Mean time per level.
                   A        B        C        D        E       F      G
               +--------+--------+--------+--------+--------+-----+--------+
         Total |  30852 |  29863 |    989 |  10418 |  14730 |  22 | 1402.4 |
       Dungeon |  14607 |  13895 |    712 |   2677 |   9233 |  11 | 1327.9 |
          Lair |   8917 |   8692 |    225 |   3241 |   4405 |   6 | 1486.2 |
  Orcish Mines |   2660 |   2609 |     51 |   1163 |    952 |   2 | 1330.0 |
        Bailey |   2103 |   2103 |      0 |   1490 |    134 |   1 | 2103.0 |
      Ice Cave |   1899 |   1899 |      0 |   1406 |      4 |   1 | 1899.0 |
       Volcano |    663 |    663 |      0 |    439 |      0 |   1 |  663.0 |
               +--------+--------+--------+--------+--------+-----+--------+

Top non-repeatable levels by time:
  Bailey: 2103 daAuts
  Lair:4: 2031 daAuts
  Lair:3: 1992 daAuts
   IceCv: 1899 daAuts
    D:10: 1783 daAuts
     D:6: 1653 daAuts
     D:1: 1633 daAuts
   Orc:1: 1592 daAuts
    D:11: 1479 daAuts
  Lair:2: 1351 daAuts
     D:7: 1349 daAuts
     D:2: 1349 daAuts
     D:4: 1328 daAuts
  Lair:1: 1246 daAuts
     D:3: 1218 daAuts
